AoeStats
← mr. bourne.

Arabia

510288610Analyzed
1v1 RM · 9h ago on Sep 30, 2026· 48m 57s· 2 players
Game mode
Random Map
Map size
Tiny (2 player)
Population
200
Speed
Normal
Resources
Standard
Victory
Conquest
Starting age
Dark Age
Ending age
Imperial Age
RankedLock teamsTeams togetherTeam positionsShared explorationLock speedFull tech treeHidden civsTurbo modeCheats
Victory
Defeat
🇳🇿 Franks · New Zealand
1171
+18
🇨🇳 Bulgarians · China
1213
-18
mr. bourne.
6:27 Loom
9:11 Feudal Age
11:56 Double-Bit Axe
16:12 Fletching
18:55 Forging
20:11 Scale Barding Armor
23:51 Wheelbarrow
27:05 Castle Age
27:59 Bow Saw
28:15 Chain Barding Armor
27:50 Bodkin Arrow
27:19 Elite Skirmisher
28:03 Husbandry
27:29 Light Cavalry
34:47 Gold Mining
40:02 Imperial Age
38:24 Wheelbarrow
41:30 Plate Barding Armor
40:21 Cavalier
42:52 Iron Casting
45:23 Blast Furnace
44:45 Conscription
44:08 Paladin
46:08 Hand Cart
46:55 Blast Furnace
46:17 Conscription
46:38 Padded Archer Armor
47:33 Scale Mail Armor
47:37 Stone Mining
48:24 Gold Shaft Mining
284352547
3:22 Loom
9:40 Feudal Age
10:07 Double-Bit Axe
16:42 Horse Collar
17:53 Horse Collar
18:54 Gold Mining
23:03 Castle Age
21:00 Fletching
21:18 Stone Mining
27:42 Bow Saw
28:30 Heavy Plow
29:18 Gold Shaft Mining
30:01 Bodkin Arrow
30:50 Stone Shaft Mining
34:58 Town Watch
36:59 Scale Barding Armor
37:05 Forging
39:25 Wheelbarrow
40:21 Chain Barding Armor
40:51 Hand Cart
43:23 Town Patrol
44:01 Bloodlines
43:51 Husbandry
44:23 Masonry
44:14 Murder Holes
44:37 Squires
44:41 Scale Mail Armor
44:30 Pikeman
44:55 Gambesons
44:59 Arson
46:25 Iron Casting
46:06 Chain Mail Armor
Connection lost

Rejoining the realm…

Still unreachable

The connection could not be restored.

Session expired

The server has moved on; the page needs a fresh start.